 Dungeon Crawl Stone Soup version 0.28-a0-1241-gf280a0fbb2 (webtiles) character file.

Game seed: 18155610972124992697

719 Gargoyl the Skirmisher (level 7, -1/60 HPs)
             Began as a Gnoll Abyssal Knight on Dec 26, 2021.
             Was a Believer of Lugonu.
             Slain by a wight (8 damage)
             ... on level 6 of the Dungeon.
             The game lasted 00:04:57 (5132 turns).

Gargoyl the Skirmisher (Gnoll Abyssal Knight)       Turns: 5132, Time: 00:04:58

Health: -1/60      AC:  3    Str: 15    XL:     7   Next: 70%
Magic:  11/11      EV:  7    Int:  9    God:    Lugonu [**....]
Gold:   104        SH:  0    Dex: 12    Spells: 11/11 levels left

rFire   . . .      SeeInvis .   a - +1 hand axe
rCold   . . .      Faith    .   (no shield)
rNeg    + . .      Spirit   .   q - +0 chain mail
rPois   .          Reflect  .   (no helmet)
rElec   .          Harm     .   (no cloak)
rCorr   .          Rampage  .   c - +2 pair of gloves
Will    .....                   g - +1 pair of boots
Stlth   ..........              (no amulet)
HPRegen 0.20/turn               n - ring of positive energy
MPRegen 0.12/turn               (no ring)

@: mighty, corroded, unable to read
A: fangs 1, strong nose, distributed training, camouflage 1, inability to read
while threatened
a: Renounce Religion, Depart the Abyss, Bend Space


You were on level 6 of the Dungeon.
You worshipped Lugonu.
Lugonu was pleased with you.
You visited 1 branch of the dungeon, and saw 6 of its levels.
You visited the Abyss 1 time.

You collected 104 gold pieces.

Inventory:

Hand Weapons
 a - a +1 hand axe (weapon)
 r - a +0 hand axe of flaming
Armour
 c - a +2 pair of gloves (worn)
 g - a +1 pair of boots (worn)
 q - a +0 chain mail (worn)
Jewellery
 n - a ring of positive energy (left hand)
Scrolls
 b - a scroll of brand weapon {unknown}
 i - a scroll of blinking
Potions
 d - 2 potions of might
 e - a potion of curing {unknown}
 f - a potion of mutation
 h - a potion of berserk rage {unknown}
 j - a potion of attraction {unknown}
 l - 2 potions of magic {unknown}
 o - 2 potions of lignification {unknown}
 p - a potion of degeneration {unknown}


   Skills:
 + Level 7.1 Fighting
 + Level 2.6 Short Blades
 + Level 2.6 Long Blades
 + Level 5.3 Axes
 + Level 2.6 Maces & Flails
 + Level 2.6 Polearms
 + Level 2.6 Staves
 + Level 2.6 Slings
 + Level 2.6 Bows
 + Level 2.6 Crossbows
 + Level 2.6 Throwing
 + Level 5.3 Armour
 + Level 3.7 Dodging
 + Level 2.6 Stealth
 + Level 2.6 Shields
 + Level 2.6 Unarmed Combat
 + Level 2.6 Spellcasting
 + Level 2.1 Conjurations
 + Level 2.1 Hexes
 + Level 2.1 Summonings
 + Level 2.1 Necromancy
 + Level 2.1 Translocations
 + Level 2.1 Transmutations
 + Level 2.1 Fire Magic
 + Level 2.1 Ice Magic
 + Level 2.1 Air Magic
 + Level 2.1 Earth Magic
 + Level 2.1 Poison Magic
 + Level 5.5 Invocations
 + Level 2.6 Evocations


You had 11 spell levels left.
You didn't know any spells.
Your spell library contained the following spells:

 Spells                   Type           Power      Damage    Failure   Level
 Conjure Ball Lightning   Conj/Air       2%         3x3d6     100%        6
 Discord                  Hex            2%         N/A       100%        8
 Disjunction              Tloc           2%         N/A       100%        8


Dungeon Overview and Level Annotations

Branches:
Dungeon (6/15)
 Temple: D:4-7

Altars:
Dithmenos
Elyvilon
Hepliaklqana
Trog
Vehumet
Xom


Innate Abilities, Weirdness & Mutations

You have very sharp teeth.
Your uncanny sense of smell can sniff out nearby items.
Your experience applies equally to all skills.
Your skin changes colour to match your surroundings (Stealth+).
You sometimes lose the ability to read scrolls when taking damage.


Message History

The wight barely misses you.
You hit the jelly.
Your hands burn!
The jelly is heavily wounded.
You hit the wight. The jelly closely misses you.
The wight hits you but does no damage.
Unknown command.
You hit the jelly. The acid corrodes you!
Your hands burn!
You bite the jelly, but do no damage.
The jelly is heavily wounded.
You hit the wight but do no damage. The jelly hits you but does no damage.
The wight hits you with a +0 dagger. You partially resist.
You feel drained.
Unknown command.
Unknown command.
You feel very mighty all of a sudden. The jelly hits you.
The acid corrodes you!
You are splashed with acid.
The wight hits you with a +0 dagger.
You hit the jelly. The acid corrodes you!
Your hands burn!
The jelly is almost dead.
You hit the wight. The jelly closely misses you.
The wight hits you but does no damage.
Unknown command.
Unknown command.
You slash the jelly!
You kill the jelly!
Lugonu accepts your kill.
You barely miss the wight. The wight barely misses you.
Your life force feels restored.
Unknown command.
You hit the wight. You bite the wight, but do no damage.
The wight is almost destroyed.
You completely miss the wight.
A water moccasin zombie comes into view.
The wight hits you with a +0 flail!
* * * LOW HITPOINT WARNING * * *
The wight hits you with a +0 dagger.
* * * LOW HITPOINT WARNING * * *
You closely miss the wight.
The wight is almost destroyed.
You barely miss the wight. The wight hits you with a +0 dagger!
You die...

.#...#...........#......#
........................#
...................#....# ∆#
.............#.#.###....#### .##
.......#)...#### ###.......##...
......####....## #.............
.......#...#...#####.........#..
......##...#....z#z#...........#
)..........##...@z....Z.........
......##....##..z#.#..##........
......##.#####..#########.......
......#.## ##.# .......
........# ### ..z.... .......##
#z..#.. .......# .z....
........# ...... ###.###.#
......


You could see 4 wights and a water moccasin zombie.

Vanquished Creatures
  An ice beast (D:6)
  A necrophage (D:6)
  A phantom (D:4)
  A bullfrog (D:6)
  A scorpion (D:4)
  A crimson imp (Abyss:2)
  A jelly (D:6)
  An orc priest (D:6)
  2 iguanas
  3 orc wizards
  A hound skeleton (D:4)
  2 adders (D:3)
  An adder skeleton (D:4)
  3 worms
  2 dart slugs
  16 orcs
  5 endoplasms
  4 giant cockroaches
  4 hobgoblins
  4 quokkas
  8 ball pythons
  5 bats
  5 frilled lizards (D:1)
  2 goblins
  4 kobolds
  8 rats
87 creatures vanquished.

Vanquished Creatures (others)
  A demonic plant (D:2)
  A plant (D:2)
  2 starspawn tentacles (Abyss:2)
  A withered plant (D:2)
5 creatures vanquished.

Grand Total: 92 creatures vanquished

Notes
Turn   | Place    | Note
-------+----------+-------------------------------------------
     0 | Abyss:1  | Gargoyl the Gnoll Abyssal Knight began the quest for the
                  | Orb.
     0 | Abyss:1  | Reached XP level 1. HP: 23/23 MP: 3/3
    60 | Abyss:2  | Gained mutation: Your skin changes colour to match your
                  | surroundings (Stealth+). [potion of mutation]
    60 | Abyss:2  | Gained mutation: You sometimes lose the ability to read
                  | scrolls when taking damage. [potion of mutation]
    63 | Abyss:2  | Noticed a crimson imp
    80 | Abyss:2  | Killed a crimson imp
    81 | Abyss:2  | Reached XP level 2. HP: 27/29 MP: 5/5
    81 | Abyss:2  | Reached XP level 3. HP: 32/35 MP: 6/6
   100 | Abyss:2  | Noticed a tentacled starspawn
   105 | Abyss:2  | Noticed an orange demon
   113 | D:1      | Escaped the Abyss
   348 | D:1      | Reached * piety under Lugonu
   596 | D:1      | Reached skill level 1 in Short Blades
   596 | D:1      | Reached skill level 1 in Long Blades
   596 | D:1      | Reached skill level 1 in Maces & Flails
   596 | D:1      | Reached skill level 1 in Polearms
   596 | D:1      | Reached skill level 1 in Staves
   596 | D:1      | Reached skill level 1 in Slings
   596 | D:1      | Reached skill level 1 in Bows
   596 | D:1      | Reached skill level 1 in Crossbows
   596 | D:1      | Reached skill level 1 in Throwing
   596 | D:1      | Reached skill level 1 in Stealth
   596 | D:1      | Reached skill level 1 in Shields
   596 | D:1      | Reached skill level 1 in Unarmed Combat
   596 | D:1      | Reached skill level 1 in Spellcasting
   596 | D:1      | Reached skill level 1 in Evocations
  1057 | D:2      | Reached XP level 4. HP: 41/41 MP: 7/7
  1178 | D:2      | Found a faded altar of an unknown god.
  1837 | D:3      | You fall into a shaft and drop 1 floor!
  1899 | D:3      | Reached ** piety under Lugonu
  1900 | D:3      | Reached skill level 1 in Conjurations
  1900 | D:3      | Reached skill level 1 in Hexes
  1900 | D:3      | Reached skill level 1 in Summonings
  1900 | D:3      | Reached skill level 1 in Necromancy
  1900 | D:3      | Reached skill level 1 in Translocations
  1900 | D:3      | Reached skill level 1 in Transmutations
  1900 | D:3      | Reached skill level 1 in Fire Magic
  1900 | D:3      | Reached skill level 1 in Ice Magic
  1900 | D:3      | Reached skill level 1 in Air Magic
  1900 | D:3      | Reached skill level 1 in Earth Magic
  1900 | D:3      | Reached skill level 1 in Poison Magic
  2323 | D:3      | Reached XP level 5. HP: 40/47 MP: 8/8
  3009 | D:4      | Found a radiant altar of Vehumet.
  3011 | D:4      | Found a shimmering altar of Xom.
  3011 | D:4      | Found a shadowy altar of Dithmenos.
  3024 | D:4      | Found a hazy altar of Hepliaklqana.
  3027 | D:4      | Found a white marble altar of Elyvilon.
  3580 | D:4      | Reached skill level 5 in Invocations
  3580 | D:4      | Reached XP level 6. HP: 10/53 MP: 9/9
  3587 | D:4      | HP: 2/53 [poisoned by a scorpion]
  3993 | D:4      | Reached skill level 5 in Axes
  3993 | D:4      | Reached skill level 5 in Armour
  4282 | D:4      | Found a bloodstained altar of Trog.
  4397 | D:5      | Entered Level 5 of the Dungeon
  4397 | D:5      | Noticed an ice beast
  4545 | D:6      | Noticed an ice beast
  4547 | D:6      | Noticed a necrophage
  4563 | D:6      | Killed a necrophage
  4564 | D:6      | Reached XP level 7. HP: 30/59 MP: 10/10
  4575 | D:6      | Reached skill level 7 in Fighting
  5132 | D:6      | Slain by a wight

Illustrated notes

Levels and vault maps discovered:
D:1:      lemuel_arrival_lava_pool, layout_basic
D:2:      layout_loops_cross, shapermc_ecumenical_altar_gd, nrook_campfire
D:3:      layout_rooms, wad_orctagon
D:4:      layout_basic, minmay_overflow_temple_star_hex, gup_sewer_entry_spiral,
          kennysheep_flooded_box, dk_noncrumbling_3, serial_park_tiny_2
D:5:      layout_cave_pools, mainiacjoe_overflow_concentric_impassable, tgw_sif,
          serial_shops, kennysheep_mini_moat
D:6:      minmay_octagon_keep, layout_cave_pools, temple_doors_cd

Skill      XL: |  1  2  3  4  5  6  7 |
---------------+----------------------+-----
Short Blades   | 1 2 |  2.6
Long Blades    | 1 2 |  2.6
Maces & Flails | 1 2 |  2.6
Polearms       | 1 2 |  2.6
Staves         | 1 2 |  2.6
Slings         | 1 2 |  2.6
Bows           | 1 2 |  2.6
Crossbows      | 1 2 |  2.6
Throwing       | 1 2 |  2.6
Stealth        | 1 2 |  2.6
Shields        | 1 2 |  2.6
Unarmed Combat | 1 2 |  2.6
Spellcasting   | 1 2 |  2.6
Evocations     | 1 2 |  2.6
Conjurations   | 1 2 |  2.1
Hexes          | 1 2 |  2.1
Summonings     | 1 2 |  2.1
Necromancy     | 1 2 |  2.1
Translocations | 1 2 |  2.1
Transmutations | 1 2 |  2.1
Fire Magic     | 1 2 |  2.1
Ice Magic      | 1 2 |  2.1
Air Magic      | 1 2 |  2.1
Earth Magic    | 1 2 |  2.1
Poison Magic   | 1 2 |  2.1
Dodging        | 3 |  3.7
Invocations    | 5 |  5.5
Axes           | 5 |  5.3
Armour         | 5 |  5.3
Fighting       | 7 |  7.1

Action                   |  1- 3 |  4- 6 |  7- 9 || total
-------------------------+-------+-------+-------++-------
Melee: Hand axe          |    59 |   231 |    57 ||   347
       Bite              |     7 |    20 |     9 ||    36
Invok: Depart the Abyss  |     1 |       |       ||     1
  Use: Scroll            |     1 |     3 |     1 ||     5
       Potion            |     1 |       |     1 ||     2
 Stab: Sleeping          |     4 |     4 |       ||     8
Armor: Leather armour    |    10 |    21 |       ||    31
       Chain mail        |       |    98 |    49 ||   147
Dodge: Dodged            |    34 |    94 |    28 ||   156

Table legend: (Time is in decaauts)
 A = Elapsed time spent in this place.
 B = Non-inter-level travel time spent in this place.
 C = Inter-level travel time spent in this place.
 D = Time resting spent in this place.
 E = Time spent auto-exploring this place.
 F = Levels seen in this place.
 G = Mean time per level.
                   A        B        C        D        E       F      G
               +--------+--------+--------+--------+--------+-----+--------+
         Total |   5190 |   5091 |     99 |    849 |   3241 |   8 |  648.8 |
       Dungeon |   5077 |   4978 |     99 |    849 |   3173 |   6 |  846.2 |
         Abyss |    113 |    113 |      0 |      0 |     68 |   2 |   56.5 |
               +--------+--------+--------+--------+--------+-----+--------+

Top non-repeatable levels by time:
     D:4: 2179 daAuts
     D:1: 878 daAuts
     D:3: 773 daAuts
     D:2: 646 daAuts
     D:6: 589 daAuts
 Abyss:2: 111 daAuts
     D:5: 11 daAuts
 Abyss:1: 2 daAuts
